 Dungeon Crawl Stone Soup version 0.28-a0-1348-g050f3537b9 (webtiles) character file.

Game seed: 15704163110273267290

771 Deminshera the Grappler (level 7, -4/63 HPs)
             Began as a Ghoul Monk on Dec 30, 2021.
             Slain by Prince Ribbit (14 damage)
             ... on level 6 of the Dungeon.
             The game lasted 00:06:20 (4634 turns).

Deminshera the Grappler (Ghoul Monk)                Turns: 4634, Time: 00:06:20

Health: -4/63      AC:  5    Str: 17    XL:     7   Next: 83%
Magic:  6/6        EV: 10    Int:  5    God:
Gold:   172        SH:  4    Dex: 11    Spells: 6/6 levels left

rFire   . . .      SeeInvis .     - Unarmed
rCold   + . .      Faith    .   m - +0 buckler
rNeg    + + +      Spirit   .   e - +0 ring mail
rPois   ∞          Reflect  .   (no helmet)
rElec   .          Harm     .   (no cloak)
rCorr   .          Rampage  .   (no gloves)
Will    +....                   (no boots)
Stlth   +.........              c - amulet of regeneration
HPRegen 0.00/turn               g - ring of willpower
MPRegen 0.10/turn               (no ring)

@: inhibited regen
A: claws 1, cold resistance 1, negative energy resistance 3, inhibited
regeneration, torment resistance 2
a: no special abilities


You were on level 6 of the Dungeon.
You visited 1 branch of the dungeon, and saw 6 of its levels.

You collected 172 gold pieces.

Inventory:

Armour
 e - a +0 ring mail (worn)
 m - a +0 buckler (worn)
Jewellery
 c - an amulet of regeneration (around neck)
 g - a ring of willpower (left claw)
 q - a ring of resist corrosion
Wands
 n - a wand of iceblast (10)
Scrolls
 h - 3 scrolls of teleportation {unknown}
 i - a scroll of identify {unknown}
 j - 2 scrolls of vulnerability {unknown}
 k - a scroll of silence {unknown}
 o - a scroll of fog {unknown}
Potions
 b - a potion of curing
 d - a potion of degeneration {unknown}
 f - 2 potions of flight {unknown}
 l - a potion of lignification {unknown}
 p - a potion of brilliance {unknown}
 r - a potion of resistance {unknown}
 s - a potion of mutation {unknown}
 t - a potion of cancellation {unknown}


   Skills:
 + Level 6.0 Fighting
 - Level 2.6 Dodging
 - Level 2.1 Stealth
 + Level 1.8 Shields
 * Level 8.0 Unarmed Combat


You had 6 spell levels left.
You didn't know any spells.
Your spell library contained the following spells:

 Spells                   Type           Power      Damage    Failure   Level
 Gell's Gravitas          Tloc           0%         N/A       98%         3
 Ignite Poison            Fire/Tmut/Pois 0%         N/A       98%         3
 Lesser Beckoning         Tloc           0%         N/A       98%         3
 Mephitic Cloud           Conj/Pois/Air  0%         N/A       98%         3
 Ozocubu's Armour         Ice            0%         N/A       98%         3
 Teleport Other           Tloc           0%         N/A       98%         3
 Freezing Cloud           Conj/Ice/Air   0%         6-21      100%        5
 Ozocubu's Refrigeration  Ice            0%         4d5       100%        7


Dungeon Overview and Level Annotations

Branches:
Dungeon (6/15)
 Temple: D:4-7

Altars:

Annotations:
D:6 Prince Ribbit


Innate Abilities, Weirdness & Mutations

You thrive by killing the living.
You are immune to poison.
You have sharp fingernails.
Your flesh is cold resistant. (rC+)
You are immune to negative energy. (rN+++)
You do not regenerate when monsters are visible.
You are immune to unholy pain and torment.


Message History

Your Fighting skill increases to level 6!
Your Unarmed Combat skill increases to level 8!
No target in view!
Prince Ribbit comes into view.
Prince Ribbit croaks.
Prince Ribbit hits you.
You miss Prince Ribbit. You block Prince Ribbit's attack.
You miss Prince Ribbit. Prince Ribbit hits you!
You scratch Prince Ribbit.
Prince Ribbit is lightly wounded.
Prince Ribbit hits you! Prince Ribbit hits you.
You claw Prince Ribbit!
Prince Ribbit is moderately wounded.
Prince Ribbit hits you but does no damage.
You closely miss Prince Ribbit.
Prince Ribbit is moderately wounded.
Prince Ribbit hits you!
You barely miss Prince Ribbit.
Prince Ribbit is moderately wounded.
Prince Ribbit closely misses you. Prince Ribbit hits you!
You miss Prince Ribbit.
Prince Ribbit is moderately wounded.
Prince Ribbit hits you!
* * * LOW HITPOINT WARNING * * *
You feel much better.
Prince Ribbit hits you but does no damage.
Prince Ribbit barely misses you.
You claw Prince Ribbit!
Prince Ribbit is heavily wounded.
Prince Ribbit hits you!
You miss Prince Ribbit.
Prince Ribbit is heavily wounded.
Prince Ribbit blinks!
Prince Ribbit catches a millipede with his tongue.
Prince Ribbit hits you!
* * * LOW HITPOINT WARNING * * *
You barely miss Prince Ribbit.
Prince Ribbit is heavily wounded.
Prince Ribbit hits you!
You die...

#.# #.# #.##.#
##.## #.###.##.#
##...###........#
#..............##
##...#.#######.##
###.##.# #..#
.......# ##.##
###.#### #...#
#.# #..@# #.#
........F.# #.#
.###.####..# #.#
## #+.# #)# # #)#
. #)# #.#.##
#....##


You could see Prince Ribbit.

Vanquished Creatures
  A water moccasin (D:6)
  An ice beast (D:4)
  A necrophage (D:3)
  A water moccasin skeleton (D:4)
  A jelly (D:4)
  A gnoll shaman (D:5)
  An orc priest (D:6)
  An iguana (D:4)
  A scorpion zombie (D:3)
  A hound skeleton (D:4)
  A howler monkey skeleton (D:3)
  12 gnolls
  6 adders
  An adder skeleton (D:3)
  2 worms (D:2)
  2 dart slugs
  6 orcs
  6 ball pythons
  8 bats
  4 endoplasms
  3 giant cockroaches
  10 goblins
  11 hobgoblins
  8 jackals (D:1)
  7 kobolds
  2 quokkas
  2 ball python zombies (D:3)
  3 frilled lizards
  3 rats
107 creatures vanquished.

Vanquished Creatures (others)
  2 withered plants (D:3)
2 creatures vanquished.

Grand Total: 109 creatures vanquished

Notes
Turn   | Place    | Note
-------+----------+-------------------------------------------
     0 | D:1      | Deminshera the Ghoul Monk began the quest for the Orb.
     0 | D:1      | Reached XP level 1. HP: 19/19 MP: 0/0
    56 | D:1      | Reached XP level 2. HP: 14/26 MP: 1/1
   279 | D:1      | Reached skill level 4 in Unarmed Combat
   517 | D:1      | Reached XP level 3. HP: 33/33 MP: 2/2
   609 | D:1      | Found a faded altar of an unknown god.
  1894 | D:2      | Reached XP level 4. HP: 38/40 MP: 3/3
  2262 | D:2      | Reached skill level 5 in Unarmed Combat
  2274 | D:2      | HP: 2/40 [gnoll (2)]
  2591 | D:3      | Reached XP level 5. HP: 33/47 MP: 4/4
  3215 | D:4      | Noticed a necrophage
  3235 | D:3      | Reached skill level 6 in Unarmed Combat
  3264 | D:3      | Killed a necrophage
  3265 | D:3      | Reached skill level 5 in Fighting
  3265 | D:3      | Reached XP level 6. HP: 35/56 MP: 5/5
  3685 | D:4      | Reached skill level 7 in Unarmed Combat
  3829 | D:4      | Noticed an ice beast
  3841 | D:4      | Killed an ice beast
  3842 | D:4      | Reached XP level 7. HP: 57/61 MP: 6/6
  3879 | D:4      | You fall into a shaft and drop 2 floors!
  3893 | D:6      | Reached skill level 1 in Shields
  3957 | D:5      | Entered Level 5 of the Dungeon
  4611 | D:6      | Reached skill level 8 in Unarmed Combat
  4620 | D:6      | Noticed Prince Ribbit
  4634 | D:6      | Slain by Prince Ribbit

Illustrated notes

Levels and vault maps discovered:
D:1:      dpeg_arrival_subterranean_lakeside_camping, layout_basic,
          hellmonk_ecumenical_altar_prayer_group
D:2:      layout_basic
D:3:      layout_rooms, serial_undead, serial_undead_c, serial_undead_a,
          serial_undead_c, serial_undead_a
D:4:      layout_loops_cross
D:5:      layout_loops_ring, minmay_temple_entry_trees, gammafunk_ghost_grave,
          nicolae_specific_store, kennysheep_another_room
D:6:      layout_loops_corners, gup_sewer_entry_bowl, uniq_prince_ribbit1,
          uniq_eustachio

Skill      XL: |  1  2  3  4  5  6  7 |
---------------+----------------------+-----
Unarmed Combat | 4 5 6 7 8 |  8.0
Fighting       | 4 5 6 |  6.0
Shields        | 1 |  1.8
Dodging        | |  2.6
Stealth        | |  2.1

Action                   |  1- 3 |  4- 6 |  7- 9 || total
-------------------------+-------+-------+-------++-------
Melee: Unarmed           |   106 |   208 |    85 ||   399
       Punch             |       |     6 |       ||     6
  Use: Potion            |       |       |     3 ||     3
 Stab: Sleeping          |     5 |       |     1 ||     6
       Distracted        |     1 |       |     1 ||     2
Armor: Robe              |    18 |       |       ||    18
       Ring mail         |     2 |    47 |    17 ||    66
Dodge: Dodged            |    58 |   150 |    33 ||   241
Block: Buckler           |       |       |    12 ||    12

Table legend: (Time is in decaauts)
 A = Elapsed time spent in this place.
 B = Non-inter-level travel time spent in this place.
 C = Inter-level travel time spent in this place.
 D = Time resting spent in this place.
 E = Time spent auto-exploring this place.
 F = Levels seen in this place.
 G = Mean time per level.
                   A        B        C        D        E       F      G
               +--------+--------+--------+--------+--------+-----+--------+
         Total |   4606 |   4462 |    144 |    916 |   2571 |   6 |  767.7 |
       Dungeon |   4606 |   4462 |    144 |    916 |   2571 |   6 |  767.7 |
               +--------+--------+--------+--------+--------+-----+--------+

Top non-repeatable levels by time:
     D:1: 1771 daAuts
     D:3: 919 daAuts
     D:4: 852 daAuts
     D:2: 791 daAuts
     D:5: 160 daAuts
     D:6: 112 daAuts
